 Dungeon Crawl Stone Soup version 0.17.1-1-g73c8601 (webtiles) character file.

62 Mysteryquy the Firebug (level 3, -2/26 HPs)
             Began as a Draconian Fire Elementalist on Jan 4, 2016.
             Killed from afar by an orc wizard (11 damage)
             ... with a puff of flame
             ... on level 2 of the Dungeon.
             The game lasted 00:03:17 (2024 turns).

Mysteryquy the Firebug (DrFE)                       Turns: 2024, Time: 00:03:17

Health: -2/26      AC:  5    Str: 10    XL:     3   Next: 85%
Magic:  1/7        EV: 12    Int: 16    God:
Gold:   89         SH:  0    Dex: 11    Spells: 1 memorised, 7 levels left

rFire  . . .     SeeInvis .     (no weapon)
rCold  . . .     Clarity  .     (armour unavailable)
rNeg   . . .     SustAt   .     (no shield)
rPois  .         Gourm    .     (helmet restricted)
rElec  .         Spirit   .     (no cloak)
rCorr  .         Warding  .     (no gloves)
rMut   .         Stasis   .     (no boots)
MR     .....                    (no amulet)
Stlth  ++........               (no ring)
                                (no ring)

@: lethally poisoned (-2 -> -18), not resistant to hostile enchantments,
unstealthy
A: unfitting armour, cold-blooded, AC +5
a: no special abilities


You were on level 2 of the Dungeon.
You were not hungry.

You visited 1 branch of the dungeon, and saw 3 of its levels.

You collected 89 gold pieces.

Inventory:

Jewellery
 j - an uncursed ring of sustain attributes {unknown}
 m - an uncursed ring of stealth {unknown}
 n - an uncursed ring of magical power {unknown}
 q - an uncursed ring of see invisible {unknown}
Scrolls
 c - a scroll of immolation {unknown}
 d - 2 scrolls of remove curse {unknown}
 e - a scroll of magic mapping {unknown}
 g - 2 scrolls of blinking {unknown}
 h - 4 scrolls of identify {unknown}
 i - 3 scrolls of noise {unknown}
 r - a scroll of teleportation {unknown}
Potions
 f - a potion of heal wounds {unknown}
 k - a potion of resistance {unknown}
 l - a potion of degeneration {unknown}
 o - a potion of curing {unknown}
Books
 a - a book of Flames

   Spells                             Type                      Level
   a - Flame Tongue                   Conjuration/Fire             1
   b - Throw Flame                    Conjuration/Fire             2
   c - Conjure Flame                  Conjuration/Fire             3
   d - Inner Flame                    Hexes/Fire                   3
   e - Sticky Flame                   Conjuration/Fire             4
   f - Fireball                       Conjuration/Fire             5
Comestibles
 b - 2 bread rations
 p - a meat ration
 s - a chunk of flesh


   Skills:
 - Level 1.7 Dodging
 - Level 1.7 Stealth
 * Level 3.2 Spellcasting
 + Level 1.5 Conjurations
 + Level 3.6 Fire Magic


You had 7 spell levels left.
You knew the following spells:

 Your Spells              Type           Power        Failure   Level  Hunger
a - Flame Tongue          Conj/Fire      ##...        10%         1    None


Dungeon Overview and Level Annotations

Branches:
Dungeon (3/15)

Altars:
Ashenzari

Annotations:
D:3 Robin


Innate Abilities, Weirdness & Mutations

Your plain brown scales are hard (AC +5).
Your body does not fit into most forms of armour.
You are cold-blooded and may be slowed by cold attacks.


Message History

The goblin shoots a stone.
The stone hits you.
The orc wizard mumbles some strange words.
The orc wizard flickers and vanishes!
Deactivating autopickup; reactivate with Ctrl-A.
A goblin comes into view. It is wielding a club.
There are monsters nearby!
The goblin shouts!
Something hits you. The orc hits you but does no damage.
You are poisoned.
You climb upwards.
You feel sick.
There is a stone staircase leading down here.
You hear some strange, mumbled words.
A puff of flame appears from out of thin air!
The puff of flame hits you!
The orc hits you with a dagger of venom.
You are lethally poisoned!
You hear some strange, mumbled words.
A puff of flame appears from out of thin air!
The puff of flame hits you!
You die...

#.# #.#.###.# #.# #.#.# #.# #.#
#.#.# #.# #.###.#.# #.#
#.....#(###.########
######).####.#......)....
#................########
#.####.o###..#.#.# #..... ### #.#
#.>@....#.#.###.#### ##.###.#
##)###..#....##.# # #.#....# #.#
#..#.#..##.# ##.#########.#
#..#.#.....# ####...#####....#
#..#.#...###
#........#.#.#..###..#.......####
#.##...#.#.._..###...............
#.###.##.#.#.#####..#........####
#.# #.##.#.......................


You could see an orc.

Vanquished Creatures
  2 adders (D:2)
  4 giant geckos
  9 hobgoblins
  2 quokkas
  6 bats
  6 giant newts
  7 goblins
  A kobold (D:1)
  6 rats
43 creatures vanquished.

Notes
Turn   | Place    | Note
--------------------------------------------------------------
     0 | D:1      | Mysteryquy the Draconian Fire Elementalist began the quest for the Orb.
     0 | D:1      | Reached XP level 1. HP: 14/14 MP: 3/3
   322 | D:1      | Reached XP level 2. HP: 20/20 MP: 1/5
   986 | D:2      | Found a shattered altar of Ashenzari.
  1067 | D:2      | Reached XP level 3. HP: 22/26 MP: 0/7
  2023 | D:3      | Noticed Robin
  2024 | D:2      | Killed from afar by an orc wizard

Action                   || total
-------------------------++-------
Melee: Unarmed           ||    24
 Cast: Flame Tongue      ||    76
  Eat: Chunk             ||     4
